 Dungeon Crawl Stone Soup version 0.21.1-1-g345015f (webtiles) character file.

49 Kairos the Cudgeler (level 3, 22/22 HPs)
             Began as a Gargoyle Gladiator on Mar 27, 2018.
             Got out of the dungeon alive.
             The game lasted 00:02:33 (1028 turns).

Kairos the Cudgeler (Gargoyle Gladiator)            Turns: 1028, Time: 00:02:34

Health: 22/22      AC: 12    Str: 18    XL:     3   Next: 77%
Magic:  3/3        EV: 11    Int:  8    God:
Gold:   66         SH:  0    Dex: 11    Spells: 2/2 levels left

rFire    . . .     SeeInvis .   a - +1 flail
rCold    . . .     Gourm    .   (no shield)
rNeg     + . .     Faith    .   o - +1 ring mail
rPois    ∞         Spirit   .   m - +2 helmet
rElec    +         Reflect  .   (no cloak)
rCorr    .         Harm     .   (no gloves)
MR       .....                  (no boots)
Stlth    +.........             (no amulet)
HPRegen  0.07/turn              (no ring)
MPRegen  0.08/turn              (no ring)

@: hasted, very quick
A: negative energy resistance 1, electricity resistance, unbreathing,
petrification resistance, rot immunity, AC +3
a: no special abilities


You escaped.
You were hungry.

You visited 1 branch of the dungeon, and saw 1 of its levels.

You collected 66 gold pieces.

Inventory:

Hand Weapons
 a - a +1 flail (weapon)
Missiles
 d - 3 throwing nets (quivered)
Armour
 b - a +0 leather armour
 c - a +0 helmet
 m - a +2 helmet (worn)
 o - a +1 ring mail (worn)
Scrolls
 e - a scroll of remove curse
 n - a scroll of random uselessness
Potions
 g - 2 potions of heal wounds
 i - a potion of haste
Comestibles
 f - 2 rations


   Skills:
 + Level 2.3 Fighting
 + Level 4.0 Maces & Flails
 + Level 1.9 Throwing
 + Level 2.8 Dodging


You had 2 spell levels left.
You didn't know any spells.

Dungeon Overview and Level Annotations

Branches:
Dungeon (1/15)

Altars:


Innate Abilities, Weirdness & Mutations

You are resistant to torment.
Your stone body is resilient. (AC +3)
You are immune to poison.
You resist negative energy. (rN+)
You are resistant to electric shocks. (rElec)
You can survive without breathing.
You are immune to petrification.
You are immune to rotting.


Message History

It is a scroll of enchant armour.
Your +0 ring mail glows green for a moment.
As you read the scroll labeled INUKIT AREXA, it crumbles to dust.
It is a scroll of enchant weapon.
Your +0 flail glows red for a moment.
Your surroundings suddenly seem different.
Splash!
You fall into the shallow water.
Moving in this stuff is going to be slow.
As you read the scroll labeled KACWYN BYJ, it crumbles to dust.
Your +1 flail glows shining viridian for a moment.
It was a scroll of random uselessness.
It was a potion of heal wounds.
You feel much better.
It was a potion of haste.
You feel yourself speed up.
You are feeling hungry.
You can't go up here!
There is an open door here.
There is a staircase leading out of the dungeon here.
Are you sure you want to leave the Dungeon?
This will make you lose the game!
You have escaped!

#.....#≈≈≈≈≈≈≈≈≈≈≈≈≈≈≈≈≈..#.#
#.....#≈≈≈≈≈≈≈≈≈≈≈≈≈≈≈≈≈..#.#
##...##≈≈≈≈≈≈≈≈≈≈≈≈≈≈≈≈≈..#.#
.##'##.≈≈≈≈≈≈≈≈≈≈≈≈≈≈≈≈.....#####
......≈≈≈≈≈≈≈≈≈≈≈≈≈≈≈≈≈.#........
.......≈≈≈≈≈≈≈#####≈≈≈≈.#...#...#
.......≈≈≈≈≈≈##...##≈≈≈...#.#...#
≈.......≈≈≈..#.....#≈≈≈≈..#.#...#
≈≈≈≈.........'..@..#≈≈≈≈....#...#
≈≈≈≈≈........#.....#≈≈≈≈.#..#...#
≈≈≈≈≈≈......≈##...##≈≈≈≈.#..#...#
≈≈≈≈≈≈....≈≈≈≈#####≈≈≈≈..#.>#####
≈≈≈≈≈≈...≈≈≈≈≈≈≈≈≈≈≈≈≈≈..##.#
≈≈≈≈≈≈≈..≈≈≈≈≈≈≈≈≈≈≈≈≈≈.###)#####
≈≈≈≈≈≈≈..≈≈≈≈≈≈≈≈≈≈≈≈≈≈.#.......#
≈≈≈≈≈≈≈...≈≈≈≈≈≈≈≈≈≈≈≈≈.#.......#
≈≈≈≈≈≈##'##≈≈≈≈≈≈≈≈≈≈≈..#.......#


There were no monsters in sight!

Vanquished Creatures
  A gnoll (D:1)
  A dart slug (D:1)
  A leopard gecko (D:1)
  4 goblins (D:1)
  2 hobgoblins (D:1)
  4 jackals (D:1)
  5 kobolds (D:1)
  9 bats (D:1)
  2 frilled lizards (D:1)
  7 rats (D:1)
36 creatures vanquished.

Notes
Turn   | Place    | Note
-------+----------+-------------------------------------------
     0 | D:1      | Kairos the Gargoyle Gladiator began the quest for the Orb.
     0 | D:1      | Reached XP level 1. HP: 12/12 MP: 1/1
    57 | D:1      | Reached XP level 2. HP: 16/17 MP: 2/2
   360 | D:1      | Reached XP level 3. HP: 21/21 MP: 3/3
   420 | D:1      | Reached skill level 4 in Maces & Flails
  1028 | D:$      | Got out of the dungeon alive.

Skill      XL: |  1  2  3 |
---------------+----------+-----
Maces & Flails | 4 |  4.0
Fighting       | |  2.3
Throwing       | |  1.9
Dodging        | |  2.8

Action                   || total
-------------------------++-------
Melee: Flail             ||    95
  Use: Scroll            ||     6
       Potion            ||     2
Armor: Leather armour    ||    49
Dodge: Dodged            ||    89
